 Dungeon Crawl Stone Soup version 0.30-a0-596-g0af90f9a20 (webtiles) character file.

Game seed: 11917356316331765924

519 Newt the Trooper (level 7, -6/54 HPs)
             Began as a Demonspawn Gladiator on Jan 6, 2023.
             Was a Follower of Wu Jian.
             Mangled by an ice beast (13 damage)
             ... on level 4 of the Dungeon.
             The game lasted 00:04:35 (3592 turns).

Newt the Trooper (Demonspawn Gladiator)             Turns: 3592, Time: 00:04:36

Health: -6/54      AC:  3    Str: 16    XL:     7   Next: 1%
Magic:  12/12      EV: 12    Int:  9    God:    Wu Jian [*.....]
Gold:   149        SH:  4    Dex: 15    Spells: 10/12 levels left

rFire   . . .      SeeInvis .    t - +2 flail (heavy)
rCold   . . .      Faith    .    (no shield)
rNeg    . . .      Spirit   .    b - +0 leather armour
rPois   .          Reflect  .    (helmet restricted)
rElec   .          Harm     .    (no cloak)
rCorr   .          Rampage  .    (no gloves)
Will    .....                    (no boots)
Stlth   ++                       (no amulet)
HPRegen 0.29/turn                (no ring)
MPRegen 0.13/turn                (no ring)

@: no status effects
A: horns 1, large bone plates 1, powered by death 2, demonic magic 1
a: Renounce Religion


You were on level 4 of the Dungeon.
You worshipped Wu Jian.
Wu Jian was aware of your devotion.
You visited 1 branch of the dungeon, and saw 4 of its levels.

You collected 149 gold pieces.

Inventory:

Hand Weapons
 a - a +0 rapier
 t - a +2 heavy flail (weapon)
Armour
 b - a +0 leather armour (worn)
 c - a +1 helmet
Jewellery
 g - a ring of positive energy
Scrolls
 f - a scroll of torment
 h - 3 scrolls of enchant armour
 j - 4 scrolls of amnesia
 k - a scroll of noise
 n - a scroll of identify
 p - a scroll of teleportation
Potions
 i - 2 potions of berserk rage
 l - a potion of lignification
 m - a potion of attraction
 o - a potion of flight
 q - a potion of invisibility


   Skills:
 - Level 4.0 Fighting
 - Level 2.6 Short Blades
 - Level 1.7 Throwing
 - Level 4.0 Armour
 - Level 2.6 Dodging
 - Level 2.0 Stealth
 + Level 3.3 Spellcasting


You had 10 spell levels left.
You knew the following spells:

 Your Spells              Type           Power      Damage    Failure   Level
a - Ensorcelled Hibernat  Hex/Ice        2%         N/A       45%         2

Your spell library contained the following spells:

 Spells                   Type           Power      Damage    Failure   Level
 Passwall                 Tmut/Erth      0%         N/A       45%         2
 Ozocubu's Armour         Ice            1%         N/A       71%         3
 Freezing Cloud           Conj/Ice/Air   0%         6-21      100%        5
 Lehudib's Crystal Spear  Conj/Erth      0%         10d2      100%        8


Dungeon Overview and Level Annotations

Branches:
Dungeon (4/15)
 Temple: D:4-7

Altars:
Wu Jian


Innate Abilities, Weirdness & Mutations

You have a pair of small horns on your head.
You are partially covered in large bone plates. (SH +4)
You regenerate health from kills.
Spells you cast may paralyse adjacent enemies.


Message History

An ice beast is nearby!
You sock the ice beast!
The ice beast is severely wounded.
The ice beast hits you. The ice beast freezes you.
The ice beast closely misses you. The ice beast hits you.
The ice beast freezes you!
You barely miss the ice beast.
The ice beast is heavily wounded.
The ice beast hits you. The ice beast freezes you! The ice beast hits you.
The ice beast freezes you!
* * * LOW HITPOINT WARNING * * *
You are too injured to fight recklessly!
You are too injured to fight recklessly!
You are too injured to fight recklessly!
You are too injured to fight recklessly!
You are too injured to fight recklessly!
You are too injured to fight recklessly!
You are too injured to fight recklessly!
You are too injured to fight recklessly!
You are too injured to fight recklessly!
An ice beast is nearby!
Throw: throwing net
Press: ? - help, Q - select action, (/) - cycle Shift-Dir - straight line, f - ice beast
Aim: an ice beast (heavily wounded, 60% to hit)
You throw a throwing net.
The throwing net closely misses the ice beast.
A gnoll comes into view. It is wielding a +0 whip.
You block the ice beast's attack.
Throw: javelin
Press: ? - help, Q - select action, (/) - cycle Shift-Dir - straight line, f - gnoll, p - ice beast
Aim: a gnoll, wielding a +0 whip (wandering, hasn't noticed you, 64% to hit)
You throw a javelin.
The javelin pierces through the ice beast!
The ice beast is almost dead.
The javelin pierces through the gnoll.
The gnoll is lightly wounded.
The ice beast hits you.
* * * LOW HITPOINT WARNING * * *
The ice beast freezes you!
You die...

##### ##...##
#.....####
#<.......#
#.....##@#
##...###Y#
##.###...
#...#....
###.#.(..g
#.####...
######
##########.#
>.(# ##.....
#..........##
...#
####...###
#.#####.....#
#.......##


You could see an ice beast and a gnoll.

Vanquished Creatures
  Sigmund (D:2)
  Menkaure (D:3)
  A howler monkey (D:4)
  A hound (D:4)
  Crazy Yiuf (D:2)
  4 adders
  3 worms (D:3)
  5 dart slugs
  An orc (D:3)
  4 ball pythons
  6 bats
  7 endoplasms
  3 giant cockroaches
  6 goblins
  11 hobgoblins
  12 jackals
  5 quokkas
  4 frilled lizards
  8 kobolds
  11 rats
95 creatures vanquished.

Vanquished Creatures (others)
  A fungus (D:2)
1 creature vanquished.

Grand Total: 96 creatures vanquished

Notes
Turn   | Place    | Note
-------+----------+-------------------------------------------
     0 | D:1      | Newt the Demonspawn Gladiator began the quest for the Orb.
     0 | D:1      | Reached XP level 1. HP: 16/16 MP: 1/1
    23 | D:1      | Reached skill level 1 in Stealth
    34 | D:1      | Gained mutation: You regenerate a little health from kills.
                  | [demonic ancestry]
    34 | D:1      | Reached XP level 2. HP: 18/22 MP: 2/2
   469 | D:1      | HP: 1/23 [hobgoblin/stone (5)]
   789 | D:1      | Gained mutation: You are partially covered in large bone
                  | plates. (SH +4) [demonic ancestry]
   789 | D:1      | Reached XP level 3. HP: 22/28 MP: 3/3
  1207 | D:1      | Got the Handbook of Stones and Hail
  1347 | D:2      | Found an ornate altar of the Wu Jian Council.
  1367 | D:2      | Became a worshipper of the Wu Jian Council
  1457 | D:2      | Reached XP level 4. HP: 37/37 MP: 4/4
  1623 | D:2      | Noticed Sigmund
  1632 | D:2      | Killed Sigmund
  1633 | D:2      | Gained mutation: Spells you cast may paralyse adjacent
                  | enemies. [demonic ancestry]
  1633 | D:2      | Reached XP level 5. HP: 30/42 MP: 5/5
  1773 | D:2      | Learned a level 2 spell: Ensorcelled Hibernation
  2090 | D:2      | Found a runed translucent door.
  2091 | D:2      | Noticed Crazy Yiuf
  2103 | D:2      | Killed Crazy Yiuf
  2104 | D:2      | Gained mutation: You regenerate health from kills. [demonic
                  | ancestry]
  2104 | D:2      | Reached XP level 6. HP: 28/48 MP: 6/6
  2895 | D:3      | Reached * piety under Wu Jian
  3257 | D:4      | Noticed Menkaure
  3290 | D:3      | Killed Menkaure
  3507 | D:4      | Gained mutation: You have a pair of small horns on your
                  | head. [demonic ancestry]
  3507 | D:4      | Reached XP level 7. HP: 50/54 MP: 10/12
  3592 | D:4      | Mangled by an ice beast

Illustrated notes

Levels and vault maps discovered:
D:1:      lightli_molten_gateway, layout_basic, serial_bayou_pond_d,
          reono_crystal_passage, minmay_worlds_worst_comb
D:2:      layout_loops_cross, basic_altar, uniq_sigmund, uniq_crazy_yiuf_cottage
D:3:      minmay_door_path, layout_basic
D:4:      layout_loops_ring, uniq_menkaure

Skill      XL: |  1  2  3  4  5  6 |
---------------+-------------------+-----
Stealth        | 1 2 |  2.0
Fighting       | 3 4 |  4.0
Armour         | 3 4 |  4.0
Spellcasting   | 3 |  3.3
Short Blades   | |  2.6
Throwing       | |  1.7
Dodging        | |  2.6

Action                   |  1- 3 |  4- 6 |  7- 9 || total
-------------------------+-------+-------+-------++-------
Melee: Rapier            |   169 |   115 |       ||   284
       Punch             |     1 |     4 |       ||     5
       Flail             |       |    43 |     3 ||    46
Throw: Javelin           |     1 |     1 |     1 ||     3
       Throwing net      |       |     3 |     1 ||     4
Invok: Lunge             |     1 |    14 |       ||    15
  Use: Scroll            |     2 |     7 |     2 ||    11
       Potion            |       |     2 |       ||     2
 Stab: Sleeping          |     5 |     8 |       ||    13
       Distracted        |     1 |       |       ||     1
       Held in net/web   |       |     4 |       ||     4
Armor: Leather armour    |    54 |    43 |       ||    97
Dodge: Dodged            |    92 |   119 |     1 ||   212
Block: Other             |    16 |    28 |     1 ||    45

Table legend: (Time is in decaauts)
 A = Elapsed time spent in this place.
 B = Non-inter-level travel time spent in this place.
 C = Inter-level travel time spent in this place.
 D = Time resting spent in this place.
 E = Time spent auto-exploring this place.
 F = Levels seen in this place.
 G = Mean time per level.
                   A        B        C        D        E       F      G
               +--------+--------+--------+--------+--------+-----+--------+
         Total |   3668 |   3574 |     94 |    909 |   1933 |   4 |  917.0 |
       Dungeon |   3668 |   3574 |     94 |    909 |   1933 |   4 |  917.0 |
               +--------+--------+--------+--------+--------+-----+--------+

Top non-repeatable levels by time:
     D:2: 1365 daAuts
     D:3: 1042 daAuts
     D:1: 960 daAuts
     D:4: 300 daAuts
